 Dungeon Crawl Stone Soup version 0.27-a0-887-gcab673c142 (webtiles) character file.

Game seed: 7538093837965987232

2 jestyr24 the Covered (level 1, 20/20 HPs)
             Began as a Minotaur Fighter on Apr 5, 2021.
             Was a Follower of Sif Muna.
             Quit the game on level 1 of the Dungeon.
             The game lasted 00:00:38 (82 turns).

jestyr24 the Covered (Minotaur Fighter)               Turns: 82, Time: 00:00:39

Health: 20/20      AC:  7    Str: 20    XL:     1   Next: 25%
Magic:  0/0        EV:  7    Int:  5    God:    Sif Muna [*.....]
Gold:   13         SH:  9    Dex:  9    Spells: 0/0 levels left

rFire    . . .     SeeInvis .   a - +0 long sword
rCold    . . .     Faith    .   c - +0 kite shield
rNeg     . . .     Spirit   .   b - +0 scale mail
rPois    .         Reflect  .   (helmet restricted)
rElec    .         Harm     .   (no cloak)
rCorr    .         Rampage  .   (no gloves)
Will     .....                  (no boots)
Stlth    ..........             (no amulet)
HPRegen  0.06/turn              (no ring)
MPRegen  0.07/turn              (no ring)

@: no status effects
A: horns 2, retaliatory headbutt
a: Renounce Religion, Channel Magic


You were on level 1 of the Dungeon.
You worshipped Sif Muna.
Sif Muna was aware of your devotion.
You visited 1 branch of the dungeon, and saw 1 of its levels.

You collected 13 gold pieces.

Inventory:

Hand Weapons
 a - a +0 long sword (weapon)
Missiles
 g - 25 stones (quivered)
Armour
 b - a +0 scale mail (worn)
 c - a +0 kite shield (worn)
Potions
 d - a potion of might
 e - a potion of cancellation {unknown}
 f - a potion of curing {unknown}


   Skills:
 + Level 3.6 Fighting
 - Level 2.4 Long Blades
 + Level 3.7 Armour
 + Level 3.6 Shields


You couldn't memorise any spells.
You didn't know any spells.
Your spell library was empty.

Dungeon Overview and Level Annotations

Branches:
Dungeon (1/15)

Altars:
Sif Muna


Innate Abilities, Weirdness & Mutations

You have a pair of horns on your head.
You reflexively headbutt those who attack you in melee.


Message History

Welcome, jestyr24 the Minotaur Fighter.
Will you prevail where others failed? Will you find the Orb of Zot?
Press ? for a list of commands and other information.
Found a pink potion.
Found a staircase leading out of the dungeon.
e - a pink potion A frilled lizard comes into view.
The frilled lizard hisses angrily.
A frilled lizard is nearby!
Found a black potion.
You block the frilled lizard's attack.
Found 9 stones.
Found a stone staircase leading down.
You miss the frilled lizard. The frilled lizard bites you.
You slash the frilled lizard!
You kill the frilled lizard!
You now have 13 gold pieces.
f - a black potion
There is a stone staircase leading down here.
Found 25 stones.
Found a faded altar of an unknown god.
You see here 25 stones.
g - 25 stones A giant cockroach comes into view.
The giant cockroach bites you but does no damage.
There is a faded altar of an unknown god here.
You hit the giant cockroach. You headbutt the giant cockroach.
You kill the giant cockroach!
There is a faded altar of an unknown god here.
You cannot tell which god this altar belongs to.
Convert to them anyway?
Sif Muna accepts your prayer! Sif Muna welcomes you!
You can now call upon Sif Muna for magical energy.
Unknown command.
Press < or > to pray at altars.
Are you sure you want to abandon this character and quit the game? (Confirm with "yes".)

####....#####.###.#.....
####.# #.......#.#. #.#
#######.##..#. #.#
#............. #.#
#......>##..#. #.#
#.............
##.###.............
##...##.......###.#.
#..@#.#.............
#.#...#.......#####.
#.##..######### ## ##
..## # #.#. # .# #. # .#
# # # ####### .......


There were no monsters in sight!

Vanquished Creatures
  A giant cockroach (D:1)
  A frilled lizard (D:1)
2 creatures vanquished.

Notes
Turn   | Place    | Note
-------+----------+-------------------------------------------
     0 | D:1      | jestyr24 the Minotaur Fighter began the quest for the Orb.
     0 | D:1      | Reached XP level 1. HP: 19/19 MP: 0/0
    63 | D:1      | Found a faded altar of an unknown god.
    81 | D:1      | Became a worshipper of Sif Muna the Loreminder
    81 | D:1      | Reached * piety under Sif Muna
    82 | D:1      | Quit the game

Illustrated notes

Levels and vault maps discovered:
D:1:      eino_arrival_druids_welcome, layout_loops_cross,
          basic_ecumenical_altar, grunt_decor_cap

Action                   || total
-------------------------++-------
Melee: Long sword        ||     3
       Headbutt          ||     1
Armor: Scale mail        ||     1
Block: Kite shield       ||     1

Table legend: (Time is in decaauts)
 A = Elapsed time spent in this place.
 B = Non-inter-level travel time spent in this place.
 C = Inter-level travel time spent in this place.
 D = Time resting spent in this place.
 E = Time spent auto-exploring this place.
 F = Levels seen in this place.
 G = Mean time per level.
                   A        B        C        D        E       F      G
               +--------+--------+--------+--------+--------+-----+--------+
         Total |     83 |     83 |      0 |      0 |     64 |   1 |   83.0 |
       Dungeon |     83 |     83 |      0 |      0 |     64 |   1 |   83.0 |
               +--------+--------+--------+--------+--------+-----+--------+

Top non-repeatable levels by time:
     D:1: 83 daAuts
